 Dungeon Crawl Stone Soup version 0.26.1-11-gd32895ea62 (webtiles) character file.

Game seed: 4651567979211040585

4437 Zeld the Severer (level 10, -7/81 HPs)
             Began as a Deep Dwarf Fighter on June 6, 2021.
             Was a Priest of Makhleb.
             Killed from afar by a wizard (72 damage)
             ... with a crystal spear
             ... on level 9 of the Dungeon.
             The game lasted 00:09:30 (8201 turns).

Zeld the Severer (Deep Dwarf Fighter)               Turns: 8201, Time: 00:09:31

Health: -7/81      AC:  7    Str: 22    XL:     10   Next: 14%
Magic:  7/7        EV:  8    Int: 10    God:    Makhleb [***...]
Gold:   159        SH:  9    Dex: 12    Spells: 9/9 levels left

rFire    . . .     SeeInvis .   a - +0 war axe
rCold    . . .     Faith    .   c - +0 kite shield
rNeg     . . .     Spirit   .   y - +0 ring mail (curse)
rPois    .         Reflect  .   q - +1 helmet
rElec    .         Harm     .   (no cloak)
rCorr    .         Rampage  .   (no gloves)
Will     +....                  (no boots)
Stlth    +.........             (no amulet)
HPRegen  0.00/turn              (no ring)
MPRegen  0.10/turn              (no ring)

@: non-regenerating
A: damage resistance, heal wounds, sense surroundings 2, no regeneration
a: Heal Wounds, Renounce Religion, Minor Destruction, Lesser Servant of Makhleb


You were on level 9 of the Dungeon.
You worshipped Makhleb.
Makhleb was most pleased with you.
You visited 2 branches of the dungeon, and saw 10 of its levels.

You collected 471 gold pieces.
You spent 312 gold pieces at shops.

Inventory:

Hand Weapons
 a - a +0 war axe (weapon)
Armour
 c - a +0 kite shield (worn)
 q - a +1 helmet (worn)
 y - a cursed +0 ring mail (worn)
 z - a +0 plate armour
Jewellery
 g - an uncursed ring of resist corrosion {unknown}
 x - an uncursed ring of flight {unknown}
Wands
 d - a wand of polymorph (6)
 D - a wand of acid (13)
 H - a wand of enslavement (8)
 J - a wand of digging (3)
 K - a wand of iceblast (10)
Scrolls
 b - a scroll of summoning {unknown}
 h - 3 scrolls of enchant weapon {unknown}
 l - 12 scrolls of identify {unknown}
 m - 3 scrolls of teleportation {unknown}
 n - 2 scrolls of fear {unknown}
 o - 5 scrolls of remove curse {unknown}
 r - a scroll of immolation {unknown}
 s - 2 scrolls of fog {unknown}
 u - a scroll of amnesia {unknown}
 w - 2 scrolls of enchant armour {unknown}
 A - 2 scrolls of blinking {unknown}
 B - a scroll of random uselessness {unknown}
 C - a scroll of torment {unknown}
 E - 2 scrolls of vulnerability {unknown}
 G - a scroll of acquirement {unknown}
 I - a scroll of noise {unknown}
Potions
 e - 4 potions of curing {unknown}
 f - 3 potions of attraction {unknown}
 i - 2 potions of cancellation {unknown}
 j - a potion of magic {unknown}
 k - 2 potions of heal wounds {unknown}
 p - 2 potions of might
 t - 3 potions of ambrosia {unknown}
 v - 5 potions of haste {unknown}
 F - a potion of invisibility {unknown}


   Skills:
 - Level 2.6 Fighting
 * Level 15.3 Axes
 - Level 3.2 Armour
 - Level 3.2 Shields


You had 9 spell levels left.
You didn't know any spells.
Your spell library contained the following spells:

 Spells                   Type           Power        Failure   Level
 Beastly Appendage        Tmut           0%           95%         1
 Freeze                   Ice            0%           95%         1
 Wereblood                Tmut           0%           99%         2
 Frozen Ramparts          Ice            0%           100%        3
 Ozocubu's Armour         Ice            0%           100%        3
 Spider Form              Tmut/Pois      0%           100%        3
 Hailstorm                Conj/Ice       0%           100%        4
 Ice Form                 Ice/Tmut       0%           100%        4
 Summon Ice Beast         Ice/Summ       0%           100%        4
 Blade Hands              Tmut           0%           100%        5


Dungeon Overview and Level Annotations

Branches:
Dungeon (9/15)             Temple (1/1) D:4
   Lair: D:8-11         Orc: D:9-12

Altars:
Ashenzari
Cheibriados
Dithmenos
Elyvilon
Fedhas
Gozag
Hepliaklqana
Kikubaaqudgha
Makhleb
Nemelex Xobeh
Okawaru
Qazlal
Ru
Sif Muna
Trog
Uskayaw
Vehumet
Wu Jian
Xom
Zin
The Shining One

Shops:
D:7 }[


Innate Abilities, Weirdness & Mutations

You are resistant to damage.
You can heal yourself by infusing magical energy.
You passively map the area around you.
You do not regenerate.


Message History

The wizard is moderately wounded.
You block the wizard's attack.
Unknown command.
You slice the wizard!!
The wizard is almost dead.
The wizard wildly gestures.
The wizard glows brightly for a moment.
The wizard hits you but does no damage.
You closely miss the wizard.
The wizard is almost dead.
You block the wizard's attack.
You closely miss the wizard.
The wizard is almost dead.
The wizard hits you with a +0 dagger.
You closely miss the wizard.
The wizard is almost dead.
The wizard casts a spell at you. The crystal spear hits you!!!!
Ouch! That really hurt!
You die...

* ** , + , ####..... ,,
,, * , , #..... ,, , ,
, , #.#### * , **
#######, #.#### * , ,*
*, #P...P#, *..... * ,
, , #.#+#.# *####+ *
,#$#!#.#.# #.... * , ,
#p###.#.# #.... , ,
#@...P#.# #...> , *
#.###'###.######'### ,
, , *
#..............#...# *
*#!.####.##.......'...#
, , #...####.##...#...#
* * ,
##......[.....#...# ,
#.#.#.##......#...# *,
####.#.#......#.### *,
,* .........####.# .


You could see a wizard.

Vanquished Creatures
  Pikel (D:8)
  Sigmund (D:2)
  A water moccasin (D:3)
  6 ice beasts
  3 sky beasts
  3 orc warriors
  A phantom (D:7)
  4 ogres
  A centaur (D:8)
  A lemure (D:8)
  A big kobold (D:9)
  9 bullfrogs
  3 scorpions
  A killer bee (D:7)
  2 howler monkeys (D:4)
  An electric eel (D:7)
  A bullfrog zombie (D:5)
  A centaur zombie (D:9)
  5 hounds
  2 orc priests
  A gnoll shaman (D:7)
  2 jellies
  A bullfrog skeleton (D:6)
  5 orc wizards
  A centaur skeleton (D:6)
  Terence (D:2)
  4 iguanas
  7 worker ants
  2 hound skeletons
  A howler monkey zombie (D:6)
  2 worker ant zombies
  Robin (D:2)
  A gnoll (D:5)
  A howler monkey skeleton (D:5)
  7 adders
  2 white imps
  2 ufetubi (D:6)
  4 oozes
  An adder skeleton (D:7)
  4 dart slugs
  7 leopard geckos
  20 orcs
  6 bats
  10 giant cockroaches
  21 goblins
  5 hobgoblins
  9 jackals
  7 kobolds
  2 quokkas
  A ball python (D:3)
  5 frilled lizards
  A jackal skeleton (D:7)
  A leopard gecko skeleton (D:5)
  6 rats
199 creatures vanquished.

Vanquished Creatures (others)
  A plant (D:9)
1 creature vanquished.

Grand Total: 200 creatures vanquished

Notes
Turn   | Place    | Note
-------+----------+-------------------------------------------
     0 | D:1      | Zeld the Deep Dwarf Fighter began the quest for the Orb.
     0 | D:1      | Reached XP level 1. HP: 20/20 MP: 1/1
     1 | D:1      | Found a runed translucent door.
    20 | D:1      | Reached skill level 3 in Axes
    20 | D:1      | Reached XP level 2. HP: 24/27 MP: 2/2
    47 | D:1      | Reached XP level 3. HP: 22/33 MP: 3/3
   173 | D:1      | Reached skill level 4 in Axes
  1102 | D:2      | Reached XP level 4. HP: 38/40 MP: 4/4
  1144 | D:2      | Noticed Sigmund
  1233 | D:2      | Killed Sigmund
  1234 | D:2      | Reached skill level 6 in Axes
  1234 | D:2      | Reached XP level 5. HP: 26/46 MP: 5/5
  1733 | D:2      | Noticed Terence
  1734 | D:2      | Found a shimmering blue altar of Sif Muna.
  1752 | D:2      | Killed Terence
  1859 | D:2      | Found a burning altar of Makhleb.
  2095 | D:2      | Became a worshipper of Makhleb the Destroyer
  2221 | D:2      | Noticed Robin
  2225 | D:2      | Reached skill level 7 in Axes
  2228 | D:2      | Reached XP level 6. HP: 50/55 MP: 6/6
  2240 | D:2      | Killed Robin
  2708 | D:3      | Reached * piety under Makhleb
  3129 | D:3      | Noticed a water moccasin
  3148 | D:3      | Killed a water moccasin
  3149 | D:3      | Reached skill level 8 in Axes
  3515 | D:3      | Reached XP level 7. HP: 40/61 MP: 7/7
  3647 | D:4      | Found a staircase to the Ecumenical Temple.
  3686 | Temple   | Entered the Ecumenical Temple
  4068 | D:4      | Reached skill level 9 in Axes
  4100 | D:4      | Reached skill level 10 in Axes
  4354 | D:4      | Reached XP level 8. HP: 54/68 MP: 8/8
  4383 | D:4      | Found a blossoming altar of Fedhas.
  4591 | D:4      | Found a shadowy altar of Dithmenos.
  4779 | D:5      | Entered Level 5 of the Dungeon
  4912 | D:5      | Reached ** piety under Makhleb
  4935 | D:5      | Reached skill level 11 in Axes
  5582 | D:6      | Reached skill level 12 in Axes
  5636 | D:6      | Found a hazy altar of Hepliaklqana.
  5980 | D:6      | Gained mutation: You passively map the area around you.
                  | [Deep Dwarf growth]
  5980 | D:6      | Reached XP level 9. HP: 43/74 MP: 8/8
  6090 | D:6      | Reached skill level 13 in Axes
  6540 | D:7      | Found a glowing golden altar of the Shining One.
  6903 | D:7      | Reached *** piety under Makhleb
  6949 | D:7      | Found Kuggok's Gadget Boutique.
  6957 | D:7      | Bought a wand of acid (8) for 312 gold pieces
  7035 | D:7      | Found a stormy altar of Qazlal.
  7120 | D:7      | Found a sacrificial altar of Ru.
  7271 | D:7      | Found Hovuode's Antique Armour Emporium.
  7347 | D:7      | Found an ornate altar of the Wu Jian Council.
  7393 | D:7      | Reached skill level 14 in Axes
  7649 | D:8      | Noticed Pikel
  7664 | D:8      | Killed Pikel
  7665 | D:8      | Reached skill level 15 in Axes
  7665 | D:8      | Reached XP level 10. HP: 71/81 MP: 8/8
  8183 | D:9      | Noticed a wizard
  8201 | D:9      | Killed from afar by a wizard

Illustrated notes

Levels and vault maps discovered:
D:1:      dpeg_arrival_caged_fury, layout_basic, kennysheep_nondescript
D:2:      layout_loops_corners, lemuel_doored_altar, old_standard_altar,
          chequers_serial_rivers_large_b, uniq_robin, uniq_sigmund, uniq_terence
D:3:      minmay_angry_zag, layout_loops_corners, grunt_ministairs_4,
          minmay_ogre_servants
D:4:      layout_basic, fedhas_altar_2, overflow_temple_1_default,
          lemuel_temple_firewalk_a, grunt_ministairs_6, minmay_crystal_room,
          skrybe_limestone_x, kennysheep_generic_room_3
D:5:      layout_basic, serial_rivers, chequers_serial_rivers_room_b,
          chequers_serial_rivers_room_b, chequers_serial_rivers_small_3,
          chequers_serial_rivers_micro_c, fountainhead, wad_floor_pattern_1,
          cheibrodos_gnoll_hut
D:6:      kennysheep_six_static_rooms, layout_basic, lemuel_round_altar
D:7:      layout_basic, nicolae_ru_the_path_less_chosen, general_overflow_altar,
          nicolae_overflow_hidden_temple, serial_shops, kennysheep_mini,
          nicolae_shop_waterfront, basic_altar, kennysheep_generic_room_16
D:8:      layout_rooms, uniq_pikel
D:9:      layout_stronghold, lemuel_zombie_altar_yredelemnul,
          minmay_shattered_shrine
Temple:   oiseaux_autumnal_temple

Skill      XL: |  1  2  3  4  5  6  7  8  9 |
---------------+----------------------------+-----
Axes           | 3 4 6 7 8 10 12 15 | 15.3
Fighting       | |  2.6
Armour         | |  3.2
Shields        | |  3.2

Action                   |  1- 3 |  4- 6 |  7- 9 | 10-12 || total
-------------------------+-------+-------+-------+-------++-------
Melee: War axe           |    83 |   134 |   403 |    67 ||   687
       Unarmed           |       |     3 |       |       ||     3
 Abil: Heal Wounds       |     1 |     3 |    16 |     1 ||    21
Evoke: Wand              |       |       |     3 |       ||     3
  Use: Potion            |       |     1 |       |       ||     1
Armor: Scale mail        |    54 |    54 |    79 |       ||   187
       Ring mail         |       |       |    73 |    17 ||    90
Dodge: Dodged            |    39 |    52 |   103 |    13 ||   207
Block: Kite shield       |    56 |    69 |   183 |    28 ||   336
